 Dungeon Crawl Stone Soup version 0.23-a0-667-gc184e93 (console) character file.

1648 Voker57 the Ducker (level 8, -3/63 (64) HPs)
             Began as a Demonspawn Gladiator on Jan 8, 2019.
             Was an Initiate of Qazlal.
             Slain by an ogre
             ... wielding a +0 giant spiked club
              (14 damage)
             ... on level 6 of the Dungeon.
             The game lasted 00:10:06 (7685 turns).

Voker57 the Ducker (Demonspawn Gladiator)           Turns: 7685, Time: 00:10:07

HP:   -3/63 (64)    AC: 13    Str: 14    XL:     8   Next: 67%
MP:   9/9           EV:  9    Int:  9    God:    Qazlal [......]
Gold: 116           SH:  0    Dex: 18    Spells: 4/7 levels left

rFire    . . .     SeeInvis .   b - +2 arbalest (freeze)
rCold    . . .     Gourm    .   (shield currently unavailable)
rNeg     . . .     Faith    .   E - +1 storm dragon scales
rPois    .         Spirit   .   (helmet restricted)
rElec    +         Reflect  .   (no cloak)
rCorr    .         Harm     .   (no gloves)
MR       .....                  (no boots)
Stlth    ++........             (no amulet)
HPRegen  0.20/turn              (no ring)
MPRegen  0.11/turn              (no ring)

@: no status effects
A: horns 2, molten scales 1, nightstalker 3
a: Renounce Religion


You were on level 6 of the Dungeon.
You worshipped Qazlal.
Qazlal was noncommittal.
You were not hungry.

You visited 1 branch of the dungeon, and saw 6 of its levels.

You collected 264 gold pieces.
You spent 148 gold pieces at shops.

Inventory:

Hand Weapons
 a - a +1 long sword
 b - a +2 arbalest of freezing (weapon)
 v - a +1 hand axe of venom
 w - a +0 lajatang
Missiles
 x - 12 bolts (quivered)
Armour
 c - a +0 helmet
 o - a +0 leather armour
 y - the +1 robe of Quuss {rC- rCorr Str+6 SInv}
   (You bought it in a shop on level 4 of the Dungeon)

   It affects your strength (+6).
   It makes you vulnerable to cold.
   It lets you see invisible.
   It provides partial protection from all sources of acid and corrosion.
 E - +1 storm dragon scales (worn)
Jewellery
 j - a cursed -2 ring of strength
 s - a cursed -3 ring of dexterity
Wands
 u - a wand of digging (3)
 z - a wand of random effects (19)
 C - a wand of clouds (5)
 G - a wand of paralysis (5)
Scrolls
 e - 2 scrolls of teleportation
 h - 2 scrolls of remove curse
 i - a scroll of silence {unknown}
 n - 2 scrolls of identify
 p - 5 scrolls of enchant armour
 q - a scroll of magic mapping
 r - a scroll of blinking
Potions
 d - a potion of mutation {unknown}
 g - a potion of magic {unknown}
 k - 2 potions of curing
 l - a potion of berserk rage {unknown}
 t - a potion of cancellation {unknown}
 A - a potion of heal wounds {unknown}
 B - a potion of might {unknown}
 D - a potion of flight {unknown}
 F - a potion of haste {unknown}
Comestibles
 f - 7 rations
 m - 3 chunks of flesh


   Skills:
 + Level 5.7 Fighting
 + Level 6.2 Long Blades
 - Level 1.7 Throwing
 * Level 7.2 Dodging
 + Level 1.5 Invocations


You had 4 spell levels left.
You knew the following spells:

 Your Spells              Type           Power        Failure   Level  Hunger
a - Shock                 Conj/Air       #...         100%        1    ##.....
b - Swiftness             Chrm/Air       #.......     100%        2    ###....

Your spell library contained the following spells:

 Spells                   Type           Power        Failure   Level  Hunger
 Summon Butterflies       Summ           #.......     100%        1    ##.....
 Summon Small Mammal      Summ           #...         100%        1    ##.....
 Ozocubu's Armour         Chrm/Ice       #.......     100%        3    ####...
 Static Discharge         Conj/Air       #.......     100%        3    ####...
 Airstrike                Air            #.........   100%        4    #####..
 Throw Icicle             Conj/Ice       #.......     100%        4    #####..
 Lightning Bolt           Conj/Air       #.........   100%        5    ######.
 Summon Demon             Summ           #.........   100%        5    ######.
 Poison Arrow             Conj/Pois      #.........   100%        6    #######
 Chain Lightning          Conj/Air       #.........   100%        8    #######
 Lehudib's Crystal Spear  Conj/Erth      #.........   100%        8    #######
 Fire Storm               Conj/Fire      #.........   100%        9    #######
 Glaciate                 Conj/Ice       #.........   100%        9    #######


Dungeon Overview and Level Annotations

Branches:
Dungeon (6/15)
 Temple: D:4-7

Altars:
Nemelex Xobeh
Okawaru
Qazlal
Vehumet

Shops:
D:4 [

Annotations:
D:4 2 runed doors


Innate Abilities, Weirdness & Mutations

You have a pair of horns on your head.
You are partially covered in molten scales. (AC +2)
You are completely attuned to the shadows.


Message History

The ogre is heavily wounded.
The ogre hits you with a +0 giant spiked club.
You hit the ogre.
The ogre is heavily wounded.
The ogre barely misses you.
Your +2 arbalest of freezing is covered in frost.
b - a +2 arbalest of freezing (weapon)
Firing (i - inventory)
x - 14 bolts (quivered)
Press: ? - help, Shift-Dir - straight line, f - ogre
Aim: an ogre, wielding a +0 giant spiked club (heavily wounded)
You shoot a bolt. The bolt hits the ogre!
The bolt freezes the ogre.
The ogre is almost dead.
The ogre hits you with a +0 giant spiked club!!
* * * LOW HITPOINT WARNING * * *
Firing (i - inventory)
x - 13 bolts (quivered)
Press: ? - help, Shift-Dir - straight line, f/p - ogre
Aim: an ogre, wielding a +0 giant spiked club (almost dead)
You shoot a bolt. The bolt barely misses the ogre.
The ogre barely misses you.
The ogre hits you with a +0 giant spiked club!
You die...

#.##+## #.#...##
#......##
##(.....<##
..#.##....$....#
...............+
. ...........@O(#
#.##.###.......##
.......†......##
###.###.#...##
##.# #.##+##
#.##..# #.#
#.##.## .# #.##.#
#.##.####
#........


You could see an ogre.

Vanquished Creatures
  Grinder (D:5)
  Sigmund (D:5)
  An ice beast (D:5)
  A necrophage (D:5)
  2 ogres
  A bullfrog (D:6)
  3 scorpions
  A hound (D:5)
  A quasit (D:4)
  Crazy Yiuf (D:2)
  2 orc priests
  2 centaur skeletons
  Terence (D:2)
  A bullfrog skeleton (D:6)
  2 iguanas
  Natasha (thrice) (D:3)
  5 worker ants
  An orc wizard (D:6)
  8 gnolls (D:3)
  4 adders
  An ooze (D:1)
  2 adder skeletons (D:4)
  4 worms
  5 leopard geckos
  15 orcs
  A ball python (D:4)
  4 giant cockroaches
  4 goblins
  7 hobgoblins
  9 jackals
  7 kobolds
  5 quokkas
  4 bats
  3 frilled lizards
  A leopard gecko skeleton (D:4)
  9 rats
  A fungus (D:2)
124 creatures vanquished.

Notes
Turn   | Place    | Note
-------+----------+-------------------------------------------
     0 | D:1      | Voker57 the Demonspawn Gladiator began the quest for the
                  | Orb.
     0 | D:1      | Reached XP level 1. HP: 16/16 MP: 1/1
    65 | D:1      | Gained mutation: You have a pair of small horns on your
                  | head. [demonic ancestry]
    65 | D:1      | Reached XP level 2. HP: 17/22 MP: 2/2
   520 | D:2      | Reached skill level 3 in Dodging
   647 | D:2      | Gained mutation: You are slightly more attuned to the
                  | shadows. [demonic ancestry]
   647 | D:2      | Reached XP level 3. HP: 28/28 MP: 3/3
   909 | D:2      | Found a radiant altar of Vehumet.
  1081 | D:2      | Noticed Terence
  1093 | D:2      | Killed Terence
  1093 | D:2      | Gained mutation: You are partially covered in molten
                  | scales. (AC +2) [demonic ancestry]
  1093 | D:2      | Reached XP level 4. HP: 34/34 MP: 4/4
  1526 | D:2      | Found a runed door.
  1531 | D:2      | Noticed Crazy Yiuf
  1538 | D:2      | Killed Crazy Yiuf
  1856 | D:3      | Reached XP level 5. HP: 34/41 MP: 5/5
  2756 | D:3      | Found a sparkling altar of Nemelex Xobeh.
  3081 | D:3      | Noticed Natasha
  3089 | D:3      | Killed Natasha
  3089 | D:3      | Reached skill level 4 in Dodging
  3089 | D:3      | Gained mutation: You are significantly more attuned to the
                  | shadows. [demonic ancestry]
  3089 | D:3      | Reached XP level 6. HP: 43/47 MP: 6/6
  3285 | D:3      | Noticed Natasha
  3289 | D:3      | Killed Natasha
  3475 | D:3      | Noticed Natasha
  3483 | D:3      | Killed Natasha
  3763 | D:3      | Found a sparkling altar of Nemelex Xobeh.
  4596 | D:4      | Reached skill level 5 in Long Blades
  4596 | D:4      | Gained mutation: You are completely attuned to the shadows.
                  | [demonic ancestry]
  4596 | D:4      | Reached XP level 7. HP: 50/54 MP: 7/7
  4943 | D:4      | Found a large runed door.
  4943 | D:4      | Found a large runed door.
  4954 | D:4      | Found a large runed door.
  4986 | D:4      | Found a large runed door.
  4987 | D:4      | Identified the Almanac of Creative Snow
  5295 | D:4      | Found Relerho's Antique Armour Boutique.
  5300 | D:4      | Bought a sheer robe for 148 gold pieces
  5310 | D:4      | Identified the +1 robe of Quuss {rC- rCorr Str+6 SInv} (You
                  | bought it in a shop on level 4 of the Dungeon)
  5349 | D:4      | Reached skill level 5 in Dodging
  5483 | D:4      | Learned a level 1 spell: Shock
  5486 | D:4      | Learned a level 2 spell: Swiftness
  5628 | D:5      | Entered Level 5 of the Dungeon
  5675 | D:5      | Noticed Sigmund
  5686 | D:5      | Killed Sigmund
  6030 | D:5      | Noticed Grinder
  6033 | D:5      | Paralysed by Grinder for 2 turns
  6053 | D:5      | Killed Grinder
  6053 | D:5      | Reached skill level 5 in Fighting
  6053 | D:5      | Reached skill level 6 in Dodging
  6053 | D:5      | Gained mutation: You have a pair of horns on your head.
                  | [demonic ancestry]
  6053 | D:5      | Reached XP level 8. HP: 31/62 MP: 8/8
  7439 | D:6      | Found an iron altar of Okawaru.
  7512 | D:6      | Found a stormy altar of Qazlal.
  7527 | D:6      | Became a worshipper of Qazlal Stormbringer
  7543 | D:6      | Reached skill level 7 in Dodging
  7562 | D:6      | Reached skill level 1 in Invocations
  7685 | D:6      | Slain by an ogre

Vault maps used:
D:1:      lemuel_arrival_cross, grunt_decor_one_mirror, st_stairs_12
D:2:      vehumet_crystals, uniq_terence, uniq_crazy_yiuf_cottage
D:3:      nemelex_diamond_rough_becter, uniq_natasha
D:4:      first_ration, serial_shops, shop, grunt_decor_fettered,
          minmay_hollow_rounded_squares
D:5:      uniq_grinder, uniq_sigmund
D:6:      kennysheep_little_box, kennysheep_mini, corexii_shack,
          corexii_item_surrounded_by_moat

Skill      XL: |  1  2  3  4  5  6  7  8 |
---------------+-------------------------+-----
Long Blades    | 3 4 5 6 |  6.2
Dodging        | 3 4 6 7 |  7.2
Fighting       | 3 4 5 |  5.7
Invocations    | 1 |  1.5
Throwing       | |  1.7

Action                   |  1- 3 |  4- 6 |  7- 9 || total
-------------------------+-------+-------+-------++-------
Melee: Long sword        |    61 |   143 |   107 ||   311
       Headbutt          |     9 |    42 |    33 ||    84
       Hand axe          |       |    33 |    20 ||    53
 Fire: Arbalest          |       |       |     5 ||     5
Throw: Throwing net      |     2 |     2 |     1 ||     5
Evoke: Wand              |       |       |     1 ||     1
  Use: Scroll            |       |       |     9 ||     9
 Stab: Sleeping          |     2 |    11 |    10 ||    23
  Eat: Chunk             |       |     8 |    10 ||    18
       Ration            |       |     1 |       ||     1
Armor: Leather armour    |     9 |    39 |     5 ||    53
       Robe              |       |       |    12 ||    12
       Storm dragon scal |       |       |    15 ||    15
Dodge: Dodged            |    50 |   121 |    85 ||   256
       Rpst.: Long sword |    22 |    20 |    20 ||    62

Table legend:
 A = Non-vault XP
 B = Vault XP
 C = Vault XP percentage of total XP
 D = Non-vault monster count
 E = Vault monster count
 F = Vault count percentage of total count
                 A         B        C        D         E       F
            +---------+---------+-------+---------+---------+-------
      Total |    1470 |     885 |  37.6 |     105 |      18 |  14.6
            +---------+---------+-------+---------+---------+-------
        D:1 |      23 |       4 |  14.8 |      11 |       2 |  15.4
        D:2 |      51 |      79 |  60.8 |      19 |       2 |   9.5
        D:3 |     303 |      35 |  10.4 |      43 |       1 |   2.3
        D:4 |     260 |     272 |  51.1 |      12 |      11 |  47.8
        D:5 |     518 |     495 |  48.9 |       8 |       2 |  20.0
        D:6 |     315 |       0 |   0.0 |      12 |       0 |   0.0
            +---------+---------+-------+---------+---------+-------
